 Dungeon Crawl Stone Soup version 0.28-b1-25-g9875b3fc8c (webtiles) character file.

Game seed: 13277993969837306843

41 buriedalive the Chiller (level 3, -1/19 HPs)
             Began as a Deep Elf Ice Elementalist on Feb 1, 2022.
             Slain by a gnoll (5 damage)
             ... on level 2 of the Dungeon.
             The game lasted 00:02:19 (1640 turns).

buriedalive the Chiller (Deep Elf Ice Elementalist) Turns: 1640, Time: 00:02:20

Health: -1/19      AC:  8    Str:  5    XL:     3   Next: 32%
Magic:  3/9        EV: 13    Int: 21    God:
Gold:   36         SH:  0    Dex: 15    Spells: 1/8 levels left

rFire   . . .      SeeInvis .   b - +0 dagger
rCold   . . .      Faith    .   (no shield)
rNeg    . . .      Spirit   .   a - +0 robe
rPois   .          Reflect  .   (no helmet)
rElec   .          Harm     .   (no cloak)
rCorr   .          Rampage  .   (no gloves)
Will    .....                   (no boots)
Stlth   ++........              (no amulet)
HPRegen 0.06/turn               (no ring)
MPRegen 0.11/turn               (no ring)

@: ice-armoured, freezing walls
A: no striking features
a: no special abilities


You were on level 2 of the Dungeon.
You visited 1 branch of the dungeon, and saw 2 of its levels.

You collected 36 gold pieces.

Inventory:

Hand Weapons
 b - a +0 dagger (weapon)
Missiles
 c - 2 poisoned darts
 d - 8 stones
 e - 23 arrows
Armour
 a - a +0 robe (worn)
Magical Staves
 f - a staff of cold


   Skills:
 + Level 3.7 Dodging
 - Level 2.4 Stealth
 - Level 3.0 Spellcasting
 + Level 5.1 Ice Magic


You had one spell level left.
You knew the following spells:

 Your Spells              Type           Power      Damage    Failure   Level
a - Freeze                Ice            96%        1d11      1%          1
b - Ozocubu's Armour      Ice            24%        N/A       4%          3
c - Frozen Ramparts       Ice            48%        1d6       4%          3

Your spell library contained the following spells:

 Spells                   Type           Power      Damage    Failure   Level
 Hailstorm                Conj/Ice       13%        3d5       43%         4
 Conjure Ball Lightning   Conj/Air       1%         3x3d6     100%        6
 Discord                  Hex            1%         N/A       100%        8
 Disjunction              Tloc           1%         N/A       100%        8


Dungeon Overview and Level Annotations

Branches:
Dungeon (2/15)

Altars:


Message History

Unknown command.
You start resting.
Magic restored.
You start resting.
HP restored.
Things that are here:
a +0 whip; a gnoll skeleton This spell is quite dangerous to cast!
Memorise Ozocubu's Armour, consuming 3 spell levels and leaving 4?
You start memorising the spell.
You continue memorising. x3
You finish memorising.
Spell assigned to 'b'.
This spell is quite dangerous to cast!
Memorise Frozen Ramparts, consuming 3 spell levels and leaving 1?
You start memorising the spell.
You continue memorising. x3
You finish memorising.
Spell assigned to 'c'.
You see here 24 sling bullets.
There is a stone staircase leading down here.
You climb downwards.
The gnoll hits you from afar with a +0 spear.
There is a stone staircase leading up here.
The gnoll misses you.
The gnoll hits you from afar with a +0 spear.
Casting: Freeze (safe; 1% risk of failure)
Confirm with . or Enter, or press ? or * to list all spells.
The spell is quite dangerous to miscast (4% risk of failure)!
Continue anyway?
A film of ice covers your body! The gnoll hits you but does no damage.
Unknown command.
Casting: Ozocubu's Armour (quite dangerous; 4% risk of failure)
Confirm with . or Enter, or press ? or * to list all spells.
The spell is quite dangerous to miscast (4% risk of failure)!
Continue anyway?
Casting: Frozen Ramparts (quite dangerous; 4% risk of failure)
Press: ? - help, Dir - look around, f - activate The walls around you are covered in ice.
The wall freezes the gnoll.
The gnoll closely misses you.
The wall freezes the gnoll.
The gnoll hits you from afar with a +0 spear.
* * * LOW HITPOINT WARNING * * *
The wall freezes the gnoll.
The gnoll hits you from afar with a +0 spear.
You die...

##g###... .. #.#
#####.# ### #.# .. ..#
##'## ## #.# ##...##
#.# ##.....## ###.###
##.......## ##<#...##
#.........####.......##
+.........'@.g...<....#
#.........####........#
##.......## ##.......#
##.....## ##.....##
##...####### ##...##
##+#......# ##.##
#.#†####.# #.# #.#.# #
# #.# #####.#.####.#
#.#


You could see a gnoll.

Vanquished Creatures
  2 gnolls (D:1)
  4 ball pythons (D:1)
  An endoplasm (D:1)
  A giant cockroach (D:1)
  2 hobgoblins (D:1)
  3 kobolds (D:1)
  3 bats
  A frilled lizard (D:1)
  5 rats
22 creatures vanquished.

Notes
Turn   | Place    | Note
-------+----------+-------------------------------------------
     0 | D:1      | buriedalive the Deep Elf Ice Elementalist began the quest
                  | for the Orb.
     0 | D:1      | Reached XP level 1. HP: 10/10 MP: 6/6
   386 | D:1      | Reached XP level 2. HP: 15/15 MP: 2/8
   687 | D:1      | Found a faded altar of an unknown god.
  1269 | D:1      | Reached skill level 5 in Ice Magic
  1269 | D:1      | Reached XP level 3. HP: 5/19 MP: 5/9
  1605 | D:1      | Learned a level 3 spell: Ozocubu's Armour
  1609 | D:1      | Learned a level 3 spell: Frozen Ramparts
  1640 | D:2      | Slain by a gnoll

Illustrated notes

Levels and vault maps discovered:
D:1:      wander_arrival_abandoned_jail, layout_rooms,
          shapermc_ecumenical_altar_notcrosses
D:2:      layout_loops_corners, hangedman_feature_mirror, minmay_cut_off,
          uniq_jessica

Skill      XL: |  1  2 |
---------------+-------+-----
Dodging        | 3 |  3.7
Ice Magic      | 5 |  5.1
Stealth        | |  2.4
Spellcasting   | |  3.0

Action                   || total
-------------------------++-------
Melee: Dagger            ||    13
 Cast: Freeze            ||    28
       Ozocubu's Armour  ||     1
       Frozen Ramparts   ||     1
 Stab: Sleeping          ||     3
Armor: Robe              ||     5
Dodge: Dodged            ||    28
